 Dungeon Crawl Stone Soup version 0.28.0 (webtiles) character file.

Game seed: 17660628722171533753

871 RighteousDevil the Chopper (level 7, -3/68 HPs)
             Began as a Deep Dwarf Artificer on Feb 15, 2022.
             Slain by a black bear (4 damage)
             ... on level 6 of the Dungeon.
             The game lasted 00:08:21 (4535 turns).

RighteousDevil the Chopper (Deep Dwarf Artificer)   Turns: 4535, Time: 00:08:22

Health: -3/68      AC:  8    Str: 14 (17) XL:     7   Next: 73%
Magic:  0/0        EV:  6    Int: 11 (12) God:
Gold:   294        SH:  0    Dex: 13      Spells: 6/6 levels left

rFire   . . .      SeeInvis .   j - +1 hand axe
rCold   . . .      Faith    .   (no shield)
rNeg    . . .      Spirit   .   f - +0 chain mail
rPois   .          Reflect  .   (no helmet)
rElec   .          Harm     .   (no cloak)
rCorr   .          Rampage  .   (no gloves)
Will    ++...                   (no boots)
Stlth   ..........              (no amulet)
HPRegen 0.00/turn               b - ring of willpower
MPRegen 0.07/turn               (no ring)

@: no status effects
A: damage resistance, heal wounds, sense surroundings 1, no regeneration
a: Heal Wounds


You were on level 6 of the Dungeon.
You visited 2 branches of the dungeon, and saw 7 of its levels.

You collected 294 gold pieces.

Inventory:

Hand Weapons
 a - a +0 club
 j - a +1 hand axe (weapon)
 p - a +0 flail
Missiles
 l - 6 atropa-tipped darts
 o - a throwing net
Armour
 f - a +0 chain mail (worn)
Jewellery
 b - a ring of willpower (left hand)
Wands
 c - a wand of flame (12) (quivered)
 d - a wand of charming (15)
 i - a wand of acid (5)
 s - a wand of digging (5)
Scrolls
 n - a scroll of torment
 q - a scroll of teleportation
 v - a scroll of magic mapping
Potions
 g - 4 potions of flight
 h - a potion of cancellation
 k - a potion of mutation {unknown}
 m - a potion of attraction {unknown}
 r - a potion of ambrosia {unknown}
 x - a potion of invisibility {unknown}
Miscellaneous
 e - a piece from Xom's chessboard (15/15)


   Skills:
 + Level 5.6 Fighting
 + Level 6.0(6.3) Axes
 - Level 2.1(4.1) Maces & Flails
 - Level 2.1 Armour
 - Level 1.1 Dodging
 - Level 1.2 Stealth
 - Level 4.0 Evocations


You had 6 spell levels left.
You didn't know any spells.
Your spell library contained the following spells:

 Spells                   Type           Power      Damage    Failure   Level
 Animate Skeleton         Necr           0%         N/A       100%        1
 Apportation              Tloc           0%         N/A       100%        1
 Magic Dart               Conj           0%         1d3       100%        1
 Sandblast                Erth           0%         2d4       100%        1
 Summon Small Mammal      Summ           0%         N/A       100%        1
 Call Imp                 Summ           0%         N/A       100%        2
 Passwall                 Tmut/Erth      0%         N/A       100%        2
 Mephitic Cloud           Conj/Pois/Air  0%         N/A       100%        3
 Stone Arrow              Conj/Erth      0%         3d7       100%        3


Dungeon Overview and Level Annotations

Branches:
Dungeon (6/15)             Temple (1/1) D:4

Altars:
Dithmenos
Elyvilon
Fedhas
Kikubaaqudgha
Makhleb
Nemelex Xobeh
Okawaru
Qazlal
Sif Muna
Trog
Vehumet
Wu Jian
Xom
Yredelemnul
Zin
The Shining One


Innate Abilities, Weirdness & Mutations

You are resistant to damage.
You can heal yourself by infusing magical energy.
You passively map a small area around you.
You do not regenerate.


Message History

It is a scroll of enchant weapon.
Your +0 hand axe glows red for a moment.
As you read the scroll labelled LOUDUNUHEL, it crumbles to dust.
Wisps of shadow whirl around you...
It was a scroll of summoning.
Unknown command.
You swap places.
Your surroundings suddenly seem different.
A black bear and an orc come into view.
Found a scroll of teleportation.
The orc shouts!
The orc hits you but does no damage.
There are monsters nearby!
There are monsters nearby!
You hit the orc.
The orc is lightly wounded.
The orc hits you but does no damage.
You barely miss the orc.
The orc is lightly wounded.
You hit the black bear.
The black bear bites you but does no damage.
The black bear claws you but does no damage. x2
The orc barely misses you.
You hit the orc.
The orc is almost dead.
You hit the black bear. The black bear bites you!
* * * LOW HITPOINT WARNING * * *
The black bear claws you.
The black bear claws you but does no damage.
The orc hits you but does no damage.
Unknown command.
Unknown command.
Unknown command.
Unknown command.
Aiming: Throw Flame
Press: ? - help, Q - select action, (/) - cycle Shift-Dir - straight line, f - black bear
Aim: a black bear (moderately wounded, 79% to hit)
The puff of flame hits the black bear!
The black bear is heavily wounded.
The black bear bites you.
You die...

*,,,,,,*****,,,*,,******
******,*..#**,**,,* *
*,,..# *,**,,****** ***..#
*,**,,,,,,,, *..#
*,***,******
*..##*,*,,,,,,,,,
**########...,*,**********
*,......h..##.#,* ***
*,******#@o...#,* *,,
*,******#?#####,* *,*
*,,,,,,,#.# *,* ****,*
*******,#.# *,* *,,,,,
*,#.# *,*****,**,*
*,#.#****,,,,,,,**,*
*,#..,,,,,********,,
*,###****,* ***
*,,,,,,,,,*


You could see a black bear and an orc.

Vanquished Creatures
  A centaur (D:5)
  A scorpion (D:4)
  A water moccasin skeleton (D:6)
  A centaur zombie (D:6)
  4 hounds
  A gnoll shaman (D:6)
  An orc priest (D:4)
  2 jellies
  Ijyb (D:5)
  4 iguanas
  3 orc wizards (D:5)
  4 gnolls
  4 adders
  A howler monkey skeleton (D:4)
  A white imp (D:5)
  An ufetubus (D:5)
  An adder skeleton (D:4)
  4 worms
  3 dart slugs
  9 orcs
  4 ball pythons
  7 endoplasms
  2 giant cockroaches
  4 goblins
  6 hobgoblins
  7 jackals
  5 quokkas
  7 bats
  6 frilled lizards
  9 kobolds
  9 rats
114 creatures vanquished.

Vanquished Creatures (others)
  A fungus (D:3)
  4 plants (D:3)
5 creatures vanquished.

Grand Total: 119 creatures vanquished

Notes
Turn   | Place    | Note
-------+----------+-------------------------------------------
     0 | D:1      | RighteousDevil the Deep Dwarf Artificer began the quest for
                  | the Orb.
     0 | D:1      | Reached XP level 1. HP: 16/16 MP: 1/1
    32 | D:1      | Reached skill level 1 in Fighting
    70 | D:1      | Reached skill level 1 in Maces & Flails
    90 | D:1      | Reached XP level 2. HP: 16/25 MP: 2/2
  1112 | D:2      | Reached XP level 3. HP: 32/32 MP: 2/2
  1737 | D:2      | Reached skill level 1 in Axes
  2049 | D:3      | Reached XP level 4. HP: 31/40 MP: 2/2
  2148 | D:3      | Identified the +2 robe of Happiness {rF+ Slay+2 Stlth-}
  2307 | D:3      | Found a burning altar of Makhleb.
  2347 | D:3      | Found a shadowy altar of Dithmenos.
  2355 | D:3      | Reached skill level 2 in Axes
  2440 | D:3      | Found a faded altar of an unknown god.
  2797 | D:4      | Found a staircase to the Ecumenical Temple.
  2833 | Temple   | Entered the Ecumenical Temple
  3090 | D:4      | Reached XP level 5. HP: 46/49 MP: 3/3
  3182 | D:4      | Reached skill level 3 in Axes
  3213 | D:4      | Reached XP level 6. HP: 28/57 MP: 4/4
  3524 | D:4      | Found a white marble altar of Elyvilon.
  3524 | D:4      | Found a glowing golden altar of the Shining One.
  3524 | D:4      | Found a glowing silver altar of Zin.
  3705 | D:5      | Entered Level 5 of the Dungeon
  3709 | D:5      | Noticed Ijyb
  3716 | D:5      | Reached skill level 4 in Axes
  3745 | D:5      | Killed Ijyb
  3978 | D:5      | Reached XP level 7. HP: 33/66 MP: 3/3
  4012 | D:5      | Reached skill level 5 in Axes
  4204 | D:5      | Reached skill level 5 in Fighting
  4276 | D:6      | Found a radiant altar of Vehumet.
  4518 | D:6      | Reached skill level 6 in Axes
  4534 | D:6      | HP: 1/68 [black bear (6)]
  4535 | D:6      | Slain by a black bear

Illustrated notes

Levels and vault maps discovered:
D:1:      dpeg_arrival_windows_large_door, layout_basic, minivault_4
D:2:      layout_loops_ring, minmay_vboxes
D:3:      layout_loops_ring, grunt_dithmenos_smoke_and_mirrors,
          mainiacjoe_overflow_paths, shapermc_ecumenical_altar_acropolis,
          minmay_pentomino_pile
D:4:      layout_gridville, good_gods_mini_temple, temple_pool_b
D:5:      layout_rooms, uniq_ijyb
D:6:      layout_basic, lemuel_tele_altar, nicolae_overflow_crystal_walls
Temple:   jpeg_temple_alley_garden

Skill      XL: |  1  2  3  4  5  6  7 |
---------------+----------------------+-----
Fighting       | 1 2 3 4 5 |  5.6
Maces & Flails | 1 2 |  2.1
Axes           | 1 2 3 4 6 |  6.0
Armour         | |  2.1
Dodging        | |  1.1
Stealth        | |  1.2
Evocations     | |  4.0

Action                   |  1- 3 |  4- 6 |  7- 9 || total
-------------------------+-------+-------+-------++-------
Melee: Club              |   210 |       |       ||   210
       Punch             |     1 |     4 |     2 ||     7
       Hand axe          |    35 |   293 |   140 ||   468
 Abil: Heal Wounds       |     4 |    10 |     9 ||    23
Evoke: Wand              |     2 |       |     1 ||     3
  Use: Scroll            |       |     5 |     5 ||    10
       Potion            |       |     3 |     3 ||     6
Armor: Chain mail        |   177 |   179 |   100 ||   456
Dodge: Dodged            |   114 |   111 |    47 ||   272
